 Dungeon Crawl Stone Soup version 0.27-a0-1245-g940ed4fa31 (webtiles) character file.

Game seed: 13544899484679835925

42 Zonian the Conjurer (level 3, -1/24 HPs)
             Began as a Human Conjurer on June 10, 2021.
             Was a Follower of Sif Muna.
             Slain by an orc
             ... wielding a +0 flail
              (5 damage)
             ... on level 3 of the Dungeon.
             The game lasted 00:02:52 (2462 turns).

Zonian the Conjurer (Human Conjurer)                Turns: 2462, Time: 00:02:52

Health: -1/24      AC:  3    Str:  7    XL:     3   Next: 77%
Magic:  5/6        EV: 12    Int: 19    God:    Sif Muna [*.....]
Gold:   68         SH:  0    Dex: 11    Spells: 3/6 levels left

rFire    . . .     SeeInvis .   e - +5 dagger
rCold    . . .     Faith    .   (no shield)
rNeg     . . .     Spirit   .   a - +1 robe
rPois    .         Reflect  .   (no helmet)
rElec    .         Harm     .   (no cloak)
rCorr    .         Rampage  .   (no gloves)
Will     .....                  (no boots)
Stlth    ++........             (no amulet)
HPRegen  0.08/turn              (no ring)
MPRegen  0.10/turn              (no ring)

@: no status effects
A: no striking features
a: Renounce Religion, Channel Magic


You were on level 3 of the Dungeon.
You worshipped Sif Muna.
Sif Muna was aware of your devotion.
You visited 1 branch of the dungeon, and saw 3 of its levels.

You collected 68 gold pieces.

Inventory:

Hand Weapons
 e - a +5 dagger (weapon)
 l - a +0 spear
Missiles
 g - 7 boomerangs
Armour
 a - a +1 robe (worn)
 j - a +3 ring mail of poison resistance
Scrolls
 c - a scroll of enchant armour
Potions
 b - a potion of flight
 d - 2 potions of mutation
 i - a potion of heal wounds {unknown}
 k - a potion of berserk rage {unknown}


   Skills:
 + Level 2.0 Dodging
 + Level 2.0 Stealth
 + Level 2.2 Spellcasting
 + Level 5.0 Conjurations


You had 3 spell levels left.
You knew the following spells:

 Your Spells              Type           Power      Damage    Failure   Level
a - Magic Dart            Conj           84%        1d7       1%          1
b - Searing Ray           Conj           42%        3d4       3%          2

Your spell library contained the following spells:

 Spells                   Type           Power      Damage    Failure   Level
 Dazzling Flash           Conj/Hex       22%        N/A       17%         3
 Fulminant Prism          Conj/Hex       5%         3d7       50%         4
 Iskenderun's Mystic Bla  Conj/Tloc      11%        2d4       50%         4


Dungeon Overview and Level Annotations

Branches:
Dungeon (3/15)

Altars:
Sif Muna


Message History

The magic dart hits the orc.
The orc is severely wounded.
An orc comes into view. It is wielding a +0 flail.
The magic dart hits the orc!
You kill the orc!
Sif Muna accepts your kill.
The orc shouts!
The orc wizard gestures at you while chanting.
You are confused.
You're too confused to cast spells.
You're too confused to cast spells.
You're too confused to cast spells.
You're too confused to cast spells.
Unknown command.
You bump into the rock wall.
You bump into the rock wall.
You feel less confused.
The orc wizard casts a spell.
The orc wizard flickers and vanishes!
Deactivating autopickup; reactivate with Ctrl-A.
The orc barely misses you.
You closely miss something. Something hits you. The orc barely misses you.
You miss something. Something hits you but does no damage. The orc misses you.
You barely miss something. Something hits you. The orc closely misses you.
You hit something.
You hear some strange, mumbled words.
A magic dart appears from out of thin air!
The magic dart hits you. The orc closely misses you.
You miss something. Something hits you. The orc hits you but does no damage.
You miss something. Something hits you. The orc hits you with a +0 flail.
* * * LOW HITPOINT WARNING * * *
You hit something.
You hear some strange, mumbled words.
Something tries to affect you, but you resist.
The orc barely misses you.
You closely miss something. Something hits you but does no damage.
The orc hits you but does no damage.
You hit something. Something barely misses you.
The orc hits you with a +0 flail.
You die...

#..........##.#
#............###
#................
#.##...##.#######
#.##...##.#
#.###.###.#
#.#.###.###.# #.#
#....)o{....# #.#
##.###@##### #.#
#.# .# #.# #.#
..# #.# #.# #.#


You could see an orc.

Vanquished Creatures
  A worm (D:2)
  2 dart slugs (D:2)
  An orc (D:3)
  2 ball pythons
  3 bats
  5 endoplasms
  2 giant cockroaches (D:2)
  2 goblins (D:1)
  2 hobgoblins
  3 quokkas
  A frilled lizard (D:2)
  3 kobolds (D:1)
  3 rats
30 creatures vanquished.

Notes
Turn   | Place    | Note
-------+----------+-------------------------------------------
     0 | D:1      | Zonian the Human Conjurer began the quest for the Orb.
     0 | D:1      | Reached XP level 1. HP: 13/13 MP: 3/3
   202 | D:1      | Reached XP level 2. HP: 19/19 MP: 3/5
  1059 | D:2      | Reached XP level 3. HP: 24/24 MP: 4/6
  1181 | D:2      | Learned a level 2 spell: Searing Ray
  2045 | D:2      | Found a faded altar of an unknown god.
  2049 | D:2      | Became a worshipper of Sif Muna the Loreminder
  2049 | D:2      | Reached * piety under Sif Muna
  2377 | D:3      | Reached skill level 5 in Conjurations
  2462 | D:3      | Slain by an orc

Illustrated notes

Levels and vault maps discovered:
D:1:      tarquinn_simple_flora_water_e, layout_basic
D:2:      layout_basic, shapermc_ecumenical_altar_mp_urbaneastern
D:3:      layout_loops_ring, minitemple, serial_shops,
          nicolae_shop_temple_entry_statues_fountains, minmay_quadrilaterals

Skill      XL: |  1  2  3 |
---------------+----------+-----
Conjurations   | 5 |  5.0
Dodging        | |  2.0
Stealth        | |  2.0
Spellcasting   | |  2.2

Action                   || total
-------------------------++-------
Melee: Dagger            ||    16
 Cast: Magic Dart        ||    56
       Searing Ray       ||     1
  Use: Scroll            ||     4
Armor: Robe              ||     4
Dodge: Dodged            ||    13

Table legend: (Time is in decaauts)
 A = Elapsed time spent in this place.
 B = Non-inter-level travel time spent in this place.
 C = Inter-level travel time spent in this place.
 D = Time resting spent in this place.
 E = Time spent auto-exploring this place.
 F = Levels seen in this place.
 G = Mean time per level.
                   A        B        C        D        E       F      G
               +--------+--------+--------+--------+--------+-----+--------+
         Total |   2462 |   2372 |     90 |    759 |   1387 |   3 |  820.7 |
       Dungeon |   2462 |   2372 |     90 |    759 |   1387 |   3 |  820.7 |
               +--------+--------+--------+--------+--------+-----+--------+

Top non-repeatable levels by time:
     D:2: 1378 daAuts
     D:1: 990 daAuts
     D:3: 93 daAuts
